 Dungeon Crawl Stone Soup version bcrawl-1.37.2 (webtiles) character file.

Game seed: 1855547206556796123

211352 Mehrunes the Magician (level 7, 0/46 HPs)
             Began as a Mummy Fire Elementalist on Nov 1, 2022.
             Slain by a wraith (11 damage)
             ... in an ossuary.
             The game lasted 00:05:19 (3496 turns).

Mehrunes the Magician (Mummy Fire Elementalist)     Turns: 3496, Time: 00:05:20

Health: 0/46       AC:  6    Str: 12    XL:     7   Next: 9%
Magic:  0/14       EV: 12    Int: 16    God:
Gold:   109        SH:  0    Dex: 12    Spells: 3/16 levels left

rFire    x . .     GDR:     24% o - staff of conjuration
rCold    + . .     SeeInvis .   (no shield)
rNeg     + + +     Gourm    .   t - +2 robe {MR+}
rPois    ∞         Faith    .   q - +0 helmet
rElec    .         Spirit   .   (no cloak)
rCorr    +         Reflect  .   m - +0 pair of gloves
MR       +....     Clarity  +   (no boots)
Stlth    ++........             (no amulet)
HPRegen  0.17/turn              h - ring of resist corrosion
MPRegen  0.14/turn              (no ring)

@: very slightly contaminated, slowed, very slow
A: no food or potions, fire vulnerability, clarity, cold resistance 1, negative
energy resistance 3, torment resistance, unbreathing, strong hexes 1
a: no special abilities


You were in an ossuary.
You were not hungry.

You visited 1 branch of the dungeon, and saw 4 of its levels.
You also visited: Ossuary.

You collected 109 gold pieces.

Inventory:

Hand Weapons
 f - a +0 short sword
Missiles
 d - 115 stones (quivered)
Armour
 a - a +0 robe
 m - a +0 pair of gloves (worn)
 n - a +0 buckler
 q - a +0 helmet (worn)
 t - a +2 robe of magic resistance (worn)
Magical Staves
 o - an uncursed staff of conjuration (weapon)
Jewellery
 h - a ring of resist corrosion (left hand)
 k - the ring "Dicsoan" {Ice Int+4, unknown}
   (You found it on level 1 of the Dungeon)

   [ring of ice]

   It enhances your ice magic.
   It affects your intelligence (+4).
   It makes you vulnerable to fire.
   It protects you from cold.
 r - a +4 ring of dexterity {unknown}
Wands
 c - a wand of flame (4)
 s - a wand of random effects (9)
 u - a wand of paralysis (15)
Scrolls
 b - 2 scrolls of magic mapping {unknown}
 e - a scroll of blinking {unknown}
 g - 2 scrolls of fog {unknown}
 i - 3 scrolls of identify
 j - 5 scrolls of remove curse {unknown}
 l - a scroll of enchant weapon {unknown}
 p - a scroll of immolation {unknown}
 v - a scroll of enchant armour {unknown}
 w - a scroll of teleportation {unknown}


   Skills:
 - Level 1.5 Dodging
 - Level 2.1 Stealth
 - Level 5.0 Spellcasting
 + Level 3.9 Conjurations
 + Level 4.6 Fire Magic


You had 3 spell levels left.
You knew the following spells:

 Your Spells              Type           Power        Failure   Level  Hunger
a - Flame Tongue          Conj/Fire      ####.        2%          1    N/A
b - Conjure Flame         Conj/Fire      ####....     8%          3    N/A
c - Sticky Flame          Conj/Fire      ####....     26%         4    N/A
d - Fireball              Conj/Fire      ####......   58%         5    N/A

Your spell library contained the following spells:

 Spells                   Type           Power        Failure   Level  Hunger
 Flaming Arrows           Chrm/Fire      ##......     9%          2    N/A
 Inner Flame              Hex/Fire       N/A          19%         3    N/A

Dungeon Overview and Level Annotations

Branches:
Dungeon (4/12)
 Temple: D:4-7

Altars:
Cheibriados
Okawaru
Uskayaw


Innate Abilities, Weirdness & Mutations

You do not eat or drink.
Your flesh is vulnerable to fire.
You are immune to poison.
You possess an exceptional clarity of mind.
Your flesh is cold resistant. (rC+)
You are immune to negative energy. (rN+++)
You are immune to unholy pain and torment.
You can survive without breathing.
Your hexes are more powerful.


Message History

Confirm with . or Enter, or press ? or * to list all spells.
Aiming: Flame Tongue (safe; 2% risk of failure)
Press: ? - help, Shift-Dir - straight line, f/p - wraith
Aim: a wraith (almost destroyed)
You feel a surge of power!
The flame tongue hits the wraith.
The wraith is almost destroyed.
The wraith hits you! The wraith drains your vigour!
You feel as though you will be slow longer.
Casting: Flame Tongue (safe; 2% risk of failure)
Confirm with . or Enter, or press ? or * to list all spells.
Aiming: Flame Tongue (safe; 2% risk of failure)
Press: ? - help, Shift-Dir - straight line, f/p - wraith
Aim: a wraith (almost destroyed)
You feel a surge of power!
The flame tongue hits the wraith but does no damage.
The wraith is almost destroyed.
The wraith hits you!
* * * LOW HITPOINT WARNING * * *
The wraith hits you!
You die...

#################
#...............#
#@W##..###..##'.#
#.#.#..#z#..#.#.# ######## ###
#.###..###..###.# ##.....# #z#
#...............#
##.8!8.#####▓###.###....!..###.#
.'.......'.....'.#z#...!...#z#.#
##.8!8.#####▓###.###..!....###.#
##.....# #W# #...............#
######## ### #.###..###..###.#


You could see a wraith.

Vanquished Creatures
  A wraith (Ossuary)
  A scorpion (D:4)
  4 wights (Ossuary)
  A bullfrog skeleton (D:3)
  A hound (D:4)
  A worker ant (D:4)
  2 adders
  An ooze (D:2)
  An adder zombie (Ossuary)
  2 worms (D:2)
  3 dart slugs (D:1)
  6 leopard geckos
  An orc (D:3)
  A giant cockroach (D:2)
  7 goblins
  6 hobgoblins
  3 jackals
  A quokka (D:1)
  A ball python skeleton (Ossuary)
  3 bats
  3 frilled lizards
  2 hobgoblin skeletons (Ossuary)
  A hobgoblin zombie (Ossuary)
  11 kobolds
  2 kobold zombies (Ossuary)
  An orc zombie (Ossuary)
  7 rats
74 creatures vanquished.

Notes
Turn   | Place    | Note
-------+----------+-------------------------------------------
     0 | D:1      | Mehrunes the Mummy Fire Elementalist began the quest for
                  | the Orb.
     0 | D:1      | Reached XP level 1. HP: 13/13 MP: 4/4
    99 | D:1      | Reached skill level 3 in Spellcasting
   297 | D:1      | Reached XP level 2. HP: 19/19 MP: 4/6
   328 | D:1      | Reached skill level 4 in Spellcasting
   901 | D:1      | Reached XP level 3. HP: 19/24 MP: 1/8
   953 | D:1      | Got a wavering lapis lazuli ring
  1045 | D:2      | Reached skill level 5 in Spellcasting
  1227 | D:2      | Found a snail-covered altar of Cheibriados.
  1291 | D:2      | Reached skill level 1 in Conjurations
  1802 | D:2      | Found a faded altar of an unknown god.
  1876 | D:3      | Reached XP level 4. HP: 30/30 MP: 8/11
  2139 | D:3      | Found an iron altar of Okawaru.
  2449 | D:3      | Found a hide-covered altar of Uskayaw.
  2678 | D:4      | Reached XP level 5. HP: 15/35 MP: 4/12
  2759 | D:4      | Found a sand-covered staircase.
  2764 | Ossuary  | Entered an ossuary
  2769 | Ossuary  | Learned a level 3 spell: Conjure Flame
  2774 | Ossuary  | Learned a level 4 spell: Sticky Flame
  2780 | Ossuary  | Learned a level 5 spell: Fireball
  2825 | Ossuary  | Reached XP level 6. HP: 41/41 MP: 7/13
  3168 | Ossuary  | Noticed a flying skull
  3168 | Ossuary  | Noticed a wraith
  3175 | Ossuary  | Noticed a flying skull
  3207 | Ossuary  | Noticed a wraith
  3218 | Ossuary  | Killed a wraith
  3368 | Ossuary  | Noticed a flying skull
  3383 | Ossuary  | Reached XP level 7. HP: 46/46 MP: 4/14
  3421 | Ossuary  | Noticed a flying skull
  3423 | Ossuary  | Noticed a flying skull
  3483 | Ossuary  | Noticed a wraith
  3496 | Ossuary  | Slain by a wraith

Skill      XL: |  1  2  3  4  5  6 |
---------------+-------------------+-----
Spellcasting   | 3 4 5 |  5.0
Conjurations   | 1 2 3 |  3.9
Fire Magic     | 3 4 |  4.6
Dodging        | |  1.5
Stealth        | |  2.1

Action                   |  1- 3 |  4- 6 |  7- 9 || total
-------------------------+-------+-------+-------++-------
Melee: Unarmed           |     2 |       |       ||     2
       Short sword       |     1 |       |       ||     1
 Cast: Flame Tongue      |    76 |    77 |    13 ||   166
       Conjure Flame     |       |     8 |     1 ||     9
       Sticky Flame      |       |       |     1 ||     1
Armor: Robe              |     4 |     4 |     1 ||     9
Dodge: Dodged            |    29 |    13 |     1 ||    43
